 Dungeon Crawl Stone Soup version 0.23.1-37-gaa34b87 (webtiles) character file.

Game seed: 1490607738745879080

173 night the Twirler (level 5, 0/32 HPs)
             Began as a Gargoyle Gladiator on Mar 22, 2019.
             Was an Initiate of Nemelex Xobeh.
             Slain by a thrashing horror (6 damage)
             ... on level 1 of the Abyss.
             The game lasted 00:06:12 (2485 turns).

night the Twirler (Gargoyle Gladiator)              Turns: 2485, Time: 00:06:12

Health: 0/32       AC: 16    Str: 19    XL:     5   Next: 53%
Magic:  5/5        EV:  6    Int:  8    God:    Nemelex Xobeh [......]
Gold:   137        SH:  0    Dex: 11    Spells: 4/4 levels left

rFire    . . .     SeeInvis .   a - +0 quarterstaff
rCold    . . .     Gourm    .   (shield currently unavailable)
rNeg     + . .     Faith    .   p - +0 plate armour
rPois    ∞         Spirit   .   c - +1 helmet
rElec    +         Reflect  .   g - scarf {cloud immunity}
rCorr    .         Harm     .   (no gloves)
MR       .....                  (no boots)
Stlth    ..........             (no amulet)
HPRegen  0.10/turn              (no ring)
MPRegen  0.09/turn              (no ring)

@: very slightly contaminated
A: negative energy resistance 1, electricity resistance, unbreathing,
petrification resistance, rot immunity, AC +4
a: Draw Escape, Draw Destruction, Draw Summoning, Renounce Religion


You were on level 1 of the Abyss.
You worshipped Nemelex Xobeh.
Nemelex Xobeh was noncommittal.
You were hungry.

You visited 1 branch of the dungeon, and saw 3 of its levels.
You visited the Abyss 1 time.

You collected 137 gold pieces.

Inventory:

Hand Weapons
 a - a +0 quarterstaff (weapon)
Missiles
 d - 3 throwing nets (quivered)
 q - 63 arrows
 t - 18 bolts
Armour
 b - a +0 leather armour
 c - a +1 helmet (worn)
 g - a scarf of cloud immunity (worn)
 k - a +0 ring mail
 p - a +0 plate armour (worn)
Jewellery
 m - a cursed -3 ring of evasion {unknown}
Scrolls
 e - a scroll of blinking
 i - a scroll of identify
 o - 2 scrolls of remove curse
Potions
 h - a potion of degeneration {unknown}
 j - a potion of flight {unknown}
 l - a potion of agility {unknown}
 s - a potion of lignification {unknown}
 u - a potion of might {unknown}
 v - 2 potions of magic
Comestibles
 f - 7 rations


   Skills:
 + Level 3.2 Fighting
 * Level 5.1 Staves
 - Level 1.7 Throwing
 + Level 2.0 Armour
 - Level 2.4 Dodging
 + Level 0.2 Invocations


You had 4 spell levels left.
You didn't know any spells.
Your spell library was empty.

Dungeon Overview and Level Annotations

Branches:
Dungeon (3/15)

Altars:
Nemelex Xobeh


Innate Abilities, Weirdness & Mutations

You are resistant to torment.
Your stone body is resilient. (AC +4)
You are immune to poison.
You resist negative energy. (rN+)
You are resistant to electric shocks. (rElec)
You can survive without breathing.
You are immune to petrification.
You are immune to rotting.


Message History

The thrashing horror tramples you but does no damage. x2
The worldbinder calls forth creatures from the Shoals!
As you read the scroll labeled BYPLOF BAEZ, it crumbles to dust.
It is a scroll of enchant armour.
Your +0 helmet glows green for a moment.
The thrashing horror tramples you.
* * * LOW HITPOINT WARNING * * *
You stumble backwards!
The thrashing horror tramples you.
* * * LOW HITPOINT WARNING * * *
You stumble backwards!
Okay, then.
You draw a card...
You have drawn the Orb.
Press: ? - help, Shift-Dir - straight line, f - thrashing horror
Aim: a thrashing horror The orb of energy misses the thrashing horror.
The thrashing horror roars!
The thrashing horror tramples you.
You die...
Your body disappears without a glow.

.. ... .. #.#
##.## #.#
...###...###...
..#.....#..
......... #.....#
#...# ##@##
##.X.## ..###
#.....#. .....#.
................
......
...#.....#3....#
....#
...###...###...##
...# #.# ##.##
##H## ##.## ..
... ##
.x###...### ...
.#.....#..!. #


You could see a manticore, a thrashing horror, a worldbinder and a ynoxinul.

Vanquished Creatures
  An orc priest (D:3)
  4 adders
  An ooze (D:3)
  2 worms
  3 dart slugs
  2 leopard geckos
  13 orcs (D:3)
  11 bats
  2 giant cockroaches
  4 goblins
  6 hobgoblins
  4 jackals (D:2)
  A quokka (D:2)
  3 ball pythons
  3 frilled lizards
  11 kobolds
  6 rats
77 creatures vanquished.

Notes
Turn   | Place    | Note
-------+----------+-------------------------------------------
     0 | D:1      | night the Gargoyle Gladiator began the quest for the Orb.
     0 | D:1      | Reached XP level 1. HP: 12/12 MP: 1/1
   246 | D:1      | Reached XP level 2. HP: 12/17 MP: 2/2
   620 | D:1      | Reached skill level 4 in Staves
   696 | D:1      | Reached XP level 3. HP: 17/21 MP: 3/3
  1305 | D:2      | Reached skill level 1 in Armour
  1305 | D:2      | Reached XP level 4. HP: 26/27 MP: 4/4
  1952 | D:3      | Reached XP level 5. HP: 32/32 MP: 5/5
  2064 | D:3      | Reached skill level 5 in Staves
  2108 | D:3      | Found a sparkling altar of Nemelex Xobeh.
  2116 | D:3      | Became a worshipper of Nemelex Xobeh the Trickster
  2334 | D:3      | Received a gift from Nemelex Xobeh
  2422 | D:3      | Noticed an orc warrior
  2434 | D:3      | Cast into level 1 of the Abyss (drawing a card)
  2475 | Abyss:1  | Noticed a thrashing horror
  2475 | Abyss:1  | Noticed a worldbinder
  2482 | Abyss:1  | Noticed a ynoxinul
  2484 | Abyss:1  | Noticed a manticore
  2485 | Abyss:1  | Slain by a thrashing horror

Skill      XL: |  1  2  3  4  5 |
---------------+----------------+-----
Staves         | 4 5 |  5.1
Armour         | 1 2 |  2.0
Fighting       | 3 |  3.2
Throwing       | |  1.7
Dodging        | |  2.4
Invocations    | |  0.2

Action                   |  1- 3 |  4- 6 || total
-------------------------+-------+-------++-------
Melee: Quarterstaff      |   142 |   175 ||   317
 Abil: Draw Escape       |       |     1 ||     1
       Draw Destruction  |       |     1 ||     1
  Use: Scroll            |       |     5 ||     5
  Eat: Chunk             |     1 |     4 ||     5
Armor: Leather armour    |    11 |       ||    11
       Ring mail         |    13 |       ||    13
       Plate armour      |    90 |   101 ||   191
Dodge: Dodged            |    82 |    51 ||   133
